 Dungeon Crawl Stone Soup version 0.30-a0-879-ga8ba668304 (webtiles) character file.

Game seed: 10560465751750839438

110 jimonade the Magician (level 5, -2/29 (38) HPs)
             Began as a Djinni Warper on Mar 14, 2023.
             Slain by a gnoll
             ... wielding a +0 club
              (6 damage)
             ... on level 2 of the Dungeon.
             The game lasted 00:07:22 (2562 turns).

jimonade the Magician (Djinni Warper)               Turns: 2562, Time: 00:07:22

HP:   -2/29 (38)    AC:  4    Str: 12    XL:     5   Next: 14%
Gold: 107           EV: 12    Int: 15    God:
                    SH:  0    Dex: 18

rFire   + + .      SeeInvis .    a - +1 dagger (pain)
rCold   x . .      Faith    .    (no shield)
rNeg    . . .      Spirit   .    b - +0 leather armour
rPois   ∞          Reflect  .    (no helmet)
rElec   .          Rampage  .    j - +0 cloak
rCorr   .                        (no gloves)
Will    .....                    (boots unavailable)
Stlth   +                        (no amulet)
HPRegen 0.24/turn                e - +6 ring of dexterity
MPRegen 0.00/turn                (no ring)

@: flying, heavily drained
A: sickness immunity, fire resistance 2, cold vulnerability 1, float, innate
caster, HP casting, extra vitality 1
a: no special abilities


You were on level 2 of the Dungeon.
You visited 1 branch of the dungeon, and saw 3 of its levels.

You collected 107 gold pieces.

Inventory:

Hand Weapons
 a - a +1 dagger of pain (weapon)
 n - a +0 mace
 o - a +0 spear
 p - a +0 flail
 r - a +0 spear
Missiles
 d - 7 boomerangs of dispersal
 s - 5 stones
Armour
 b - a +0 leather armour (worn)
 j - a +0 cloak (worn)
Jewellery
 e - a +6 ring of dexterity (left hand)
Wands
 q - a wand of mindburst (19)
Scrolls
 c - 3 scrolls of blinking
 g - a scroll of brand weapon {unknown}
 h - 4 scrolls of identify {unknown}
 i - 4 scrolls of teleportation {unknown}
 k - 2 scrolls of noise {unknown}
Potions
 f - a potion of ambrosia {unknown}
 l - a potion of resistance
 m - 2 potions of curing {unknown}


   Skills:
 - Level 2.0 Fighting
 - Level 1.5 Polearms
 - Level 0.7 Throwing
 - Level 1.0 Armour
 - Level 2.1 Dodging
 + Level 4.2 Spellcasting


You knew the following spells:

 Your Spells              Type           Power      Damage    Failure   Level
a - Blink                 Tloc           30%        N/A       6%          2
b - Lesser Beckoning      Tloc           30%        N/A       6%          2
c - Vhi's Electric Charg  Tloc/Air       30%        N/A       12%         3
d - Teleport Other        Tloc           15%        N/A       12%         3
e - Manifold Assault      Tloc           15%        N/A       36%         4
f - Kiss of Death         Conj/Necr      60%        2d10      4%          1
g - Passwall              Tmut/Erth      12%        N/A       6%          2
Your spell library was empty.

Dungeon Overview and Level Annotations

Branches:
Dungeon (3/15)

Altars:
Cheibriados
Elyvilon

Annotations:
D:3 Sigmund


Innate Abilities, Weirdness & Mutations

You are immune to sickness and miasma.
You are immune to poison.
Your flesh is very heat resistant. (rF++)
You are vulnerable to cold. (rC-)
You float through the air rather than walking.
You learn spells naturally, not from books.
Your magical power is your life essence.
You have superior vitality. (+4 MHP)


Message History

The gnoll shouts!
Sigmund the Dreaded comes into view.
He is wielding a +1 scythe of venom and wearing a +1 robe of resistance.
There is a stone staircase leading up here.
The gnoll hits you with a +0 club.
You fly upwards.
There is a stone staircase leading down here.
You hit the gnoll but do no damage. The gnoll hits you with a +0 club.
You barely miss the gnoll. The gnoll closely misses you.
You barely miss the gnoll. The gnoll hits you with a +0 club.
You closely miss the gnoll. The gnoll hits you but does no damage.
You hit the gnoll.
The gnoll is lightly wounded.
The gnoll hits you but does no damage.
You hit the gnoll but do no damage.
The gnoll is lightly wounded.
The gnoll misses you.
You hit the gnoll but do no damage.
The gnoll is lightly wounded.
The gnoll hits you with a +0 club.
You hit the gnoll.
The gnoll is moderately wounded.
The gnoll hits you with a +0 club.
You barely miss the gnoll.
The gnoll is moderately wounded.
The gnoll hits you with a +0 club.
* * * LOW HITPOINT WARNING * * *
You hit the gnoll.
The gnoll is heavily wounded.
The gnoll closely misses you.
You hit the gnoll.
The gnoll is severely wounded.
The gnoll hits you with a +0 club.
* * * LOW HITPOINT WARNING * * *
You barely miss the gnoll.
The gnoll is severely wounded.
The gnoll misses you.
You hit the gnoll.
The gnoll is almost dead.
The gnoll hits you with a +0 club.
You die...

###### #....# ##### #....#
....# #....# ....# #....#
....# #....#
....#####....###############
....÷.)......'.g@..........#
....#####....###.#########.#
....# #....# #.# #.#
....############'##### #.#
....##...............#
#.#####
....##...............#
#.....#
....##...............#
###.###
....############'##### #.#
##########.....#.# #.#


You could see a gnoll.

Vanquished Creatures
  2 gnolls
  2 adders
  A dart slug (D:1)
  An orc (D:3)
  4 endoplasms
  A giant cockroach (D:3)
  7 goblins
  11 hobgoblins
  4 jackals
  2 quokkas (D:2)
  6 ball pythons
  5 bats
  6 frilled lizards
  6 kobolds
  10 rats
68 creatures vanquished.

Notes
Turn   | Place    | Note
-------+----------+-------------------------------------------
     0 | D:1      | jimonade the Djinni Warper began the quest for the Orb.
     0 | D:1      | jimonade set off with the following spells memorised:
                  | Blink, Lesser Beckoning, Vhi's Electric Charge, Teleport
                  | Other, Manifold Assault.
     0 | D:1      | Reached XP level 1. HP: 18/18 MP: 0/0
   135 | D:1      | Reached XP level 2. HP: 21/23 MP: 0/0
   252 | D:1      | Reached skill level 3 in Spellcasting
   431 | D:1      | Reached XP level 3. HP: 28/28 MP: 0/0
   431 | D:1      | Learned a level 1 spell: Kiss of Death
  1197 | D:2      | Found a white marble altar of Elyvilon.
  1260 | D:2      | Reached XP level 4. HP: 27/33 MP: 0/0
  1382 | D:2      | Found a faded altar of an unknown god.
  1819 | D:3      | Reached skill level 4 in Spellcasting
  2128 | D:3      | Reached XP level 5. HP: 23/28 MP: 0/0
  2128 | D:3      | Learned a level 2 spell: Passwall
  2171 | D:3      | Found a snail-covered altar of Cheibriados.
  2546 | D:3      | Noticed Sigmund
  2562 | D:2      | Slain by a gnoll

Illustrated notes

Levels and vault maps discovered:
D:1:      lightli_molten_gateway, layout_rooms, corner_web_ring,
          grunt_decor_arrowhead
D:2:      layout_basic, shapermc_ecumenical_altar_starsandcircs, basic_altar,
          kennysheep_generic_room_6
D:3:      layout_basic, mainiacjoe_overflow_cross_hatched,
          minmay_misc_feat_tower, roderic_roman_lattice, grunt_decor_resistance,
          st_stairs_10, kennysheep_boxes, uniq_sigmund

Skill      XL: |  1  2  3  4 |
---------------+-------------+-----
Spellcasting   | 3 4 |  4.2
Fighting       | |  2.0
Polearms       | |  1.5
Throwing       | |  0.7
Armour         | |  1.0
Dodging        | |  2.1

Action                     |  1- 3 |  4- 6 || total
---------------------------+-------+-------++-------
  Melee: Spear             |   142 |   114 ||   256
         Dagger            |       |    18 ||    18
         Punch             |       |     1 ||     1
   Cast: Kiss of Death     |       |     2 ||     2
         Lesser Beckoning  |       |     1 ||     1
   Stab: Distracted        |     1 |       ||     1
 Armour: Leather armour    |    29 |    28 ||    57
  Dodge: Dodged            |    94 |    86 ||   180

Table legend: (Time is in decaauts)
 A = Elapsed time spent in this place.
 B = Non-inter-level travel time spent in this place.
 C = Inter-level travel time spent in this place.
 D = Time resting spent in this place.
 E = Time spent auto-exploring this place.
 F = Levels seen in this place.
 G = Mean time per level.
                   A        B        C        D        E       F      G
               +--------+--------+--------+--------+--------+-----+--------+
         Total |   2566 |   2443 |    123 |    300 |   1301 |   3 |  855.3 |
       Dungeon |   2566 |   2443 |    123 |    300 |   1301 |   3 |  855.3 |
               +--------+--------+--------+--------+--------+-----+--------+

Top non-repeatable levels by time:
     D:1: 1046 daAuts
     D:2: 958 daAuts
     D:3: 562 daAuts
